[Event "Titled Tuesday Blitz May 24 Early 2022"]
[White "Tuleyeva-Aketayeva, Dana"]
[Black "Li, Hui"]
[WhiteFideId "13701932"]
[BlackFideId "15400310"]
[WhiteElo "1875"]
[BlackElo "1954"]
[Result "0-1"]
[Round "07"]
[TimeControl "180+1"]
[Date "2022.05.25"]
[WhiteClock "0:00:04"]
[BlackClock "0:00:05"]

1. d4 Nf6 2. Nf3 d5 3. g3 e6 4. Bg2 Be7 5. O-O O-O 6. c4 dxc4 7. Ne5 Nc6 8. Nxc6 bxc6 9. Bxc6 Rb8 10. Bg2 Bb7 11. Nc3 Bxg2 12. Kxg2 c5 13. Be3 Nd5 14. Qd2 cxd4 15. Bxd4 Bf6 16. Bxf6 Qxf6 17. Nxd5 exd5 18. Qxd5 Qxb2 19. Qxc4 Rbc8 20. Qa6 Qb6 21. Qxb6 axb6 22. Rfc1 g6 23. e3 Rfd8 24. Rxc8 Rxc8 25. Rb1 Rc6 26. Rb4 Kf8 27. Re4 Rc2 28. a4 Rb2 29. h4 Kg7 30. Rc4 h5 31. Rc6 Rb4 32. Rd6 Kf8 33. Rd4 Rb2 34. Re4 Kg7 35. Re5 Rb4 36. a5 bxa5 37. Rxa5 Rb2 38. Ra4 Kg8 39. Rf4 Kg7 40. Kf3 Rb1 41. Ke4 Rb2 42. Kd3 Rb3+ 43. Ke2 Rb2+ 44. Kd3 Rb1 45. e4 Rb3+ 46. Kd4 Rb4+ 47. Ke3 Rb3+ 48. Ke2 Rb2+ 49. Kd3 Rb3+ 50. Kc4 Ra3 51. Kd5 Ra5+ 52. Kd4 Ra4+ 53. Ke3 Ra3+ 54. Ke2 Ra6 55. Rf3 Ra2+ 56. Ke3 Ra3+ 57. Kf4 Ra4 58. Rd3 Ra2 59. f3 Ra6 60. Rd5 Ra4 61. g4 hxg4 62. Kxg4 Ra1 63. Kf4 Rh1 64. Kg3 Rg1+ 65. Kh2 Ra1 66. h5 Ra2+ 67. Kg3 Ra1 68. hxg6 Kxg6 69. Rf5 f6 70. Kf4 Rh1 71. Rd5 Ra1 72. Rc5 Ra2 73. Kg3 Ra3 74. Rc6 Kg7 75. Rc7+ Kg6 76. Kg4 Ra1 77. Rc8 Kg7 78. Rc5 Kg6 79. Kf4 Ra4 80. Rc8 Ra5 81. Rg8+ Kf7 82. Rg2 Rb5 83. Rh2 Ra5 84. Rh5 Rxh5 85. Kg4 Ra5 86. Kf4 Ra1 87. Kg4 Kg6 88. Kf4 f5 89. e5 Ra4+ 90. Ke3 f4+ 91. Kd3 Kf5 0-1


[Site "https://www.chess.com"]

[Event "Titled Tuesday Blitz May 24 Early 2022"]
[White "Turutin, Alexander"]
[Black "Khamdamova, Afruza"]
[WhiteFideId "4180623"]
[BlackFideId "14210444"]
[WhiteElo "2402"]
[BlackElo "1660"]
[Result "1/2-1/2"]
[Round "07"]
[TimeControl "180+1"]
[Date "2022.05.25"]
[WhiteClock "0:00:03"]
[BlackClock "0:00:03"]

1. e4 e5 2. Nf3 Nf6 3. d3 Nc6 4. Bg5 h6 5. c3 hxg5 6. Nxg5 d6 7. Nf3 Be6 8. Nbd2 Qd7 9. Qa4 a6 10. Qc2 O-O-O 11. c4 g6 12. Qc3 Bh6 13. Nb1 Bg7 14. b4 Nd4 15. a4 Bg4 16. Nfd2 Nh5 17. b5 Nf4 18. f3 Be6 19. Ra2 f5 20. Qa5 Kb8 21. bxa6 b6 22. Qc3 Ka7 23. Na3 fxe4 24. dxe4 Bf6 25. a5 Bh4+ 26. Kd1 Rb8 27. Nc2 Nxc2 28. Kxc2 bxa5 29. g3 Bxg3 30. hxg3 Rxh1 31. gxf4 exf4 32. Qxa5 Rb6 33. Bd3 Rh2 34. Rb2 Qc6 35. Qc3 Rxb2+ 36. Qxb2 Qb6 37. Qg7 Qa5 38. Qc3 Qa2+ 39. Kc1 Rh1+ 40. Bf1 Kxa6 41. c5+ Rxf1+ 42. Nxf1 Bc4 43. Nd2 Bb5 44. cxd6 cxd6 45. Qf6 Qa3+ 46. Kc2 Qa4+ 47. Kc1 Qa3+ 48. Kd1 Qa4+ 49. Ke1 Qb4 50. Qxf4 Qc5 51. Qg5 Qc1+ 52. Kf2 Qc5+ 53. Qxc5 dxc5 54. Ke3 Kb6 55. f4 Kc6 56. Nf3 Kd6 57. Ne5 Be8 58. Nc4+ Ke6 59. Ne5 Kf6 60. Nf3 Bb5 61. Ng5 c4 62. Kd4 Ba6 63. Nf3 Bb5 64. Ne5 Ba6 65. Nxc4 Bb7 66. e5+ Ke7 67. Nd6 Bc6 68. Ne4 Bd7 69. Nc5 Bf5 70. Kd5 Bg4 71. e6 Bf3+ 72. Ke5 Bg4 73. Kd5 Bf3+ 74. Ke5 Bg4 75. Kd5 1/2-1/2


[Site "https://www.chess.com"]

[Event "Titled Tuesday Blitz May 24 Early 2022"]
[White "Urazayev, Arystanbek"]
[Black "Al-Tarboush, Ward"]
[WhiteFideId "13709810"]
[BlackFideId "7601450"]
[WhiteElo "2422"]
[BlackElo "2294"]
[Result "0-1"]
[Round "07"]
[TimeControl "180+1"]
[Date "2022.05.25"]
[WhiteClock "0:01:08"]
[BlackClock "0:00:26"]

1. e4 b6 2. d4 Bb7 3. Bd3 e6 4. Nf3 c5 5. c3 Nf6 6. Qe2 Be7 7. O-O Nc6 8. Nbd2 cxd4 9. cxd4 Nb4 10. Bb1 Ba6 11. Qd1 Bxf1 12. Kxf1 Rc8 13. a3 Nc6 14. e5 Nd5 15. Ne4 f5 16. exf6 Nxf6 17. Nxf6+ Bxf6 18. d5 exd5 19. Qxd5 Ne7 20. Qd1 O-O 21. Bg5 Ng6 22. Qd5+ Kh8 23. Bxg6 hxg6 24. Re1 Bxg5 25. Nxg5 Qf6 26. Ne4 Qf5 27. Qd3 d5 28. g4 Qxg4 29. Qxd5 Qh3+ 30. Kg1 Qf5 31. Qd3 Rcd8 32. Qg3 Rd4 33. Ng5 Rg4 34. Nf7+ Rxf7 35. Re8+ Kh7 0-1


[Site "https://www.chess.com"]

[Event "Titled Tuesday Blitz May 24 Early 2022"]
[White "Vajda, Levente"]
[Black "Schekachikhin, Maksim"]
[WhiteFideId "1203975"]
[BlackFideId "24177830"]
[WhiteElo "2573"]
[BlackElo "2239"]
[Result "1-0"]
[Round "07"]
[TimeControl "180+1"]
[Date "2022.05.24"]
[WhiteClock "0:00:13"]
[BlackClock "0:00:19"]

1. e4 c5 2. c3 d5 3. exd5 Qxd5 4. d4 e6 5. Nf3 Nf6 6. Be3 cxd4 7. cxd4 Bb4+ 8. Nc3 O-O 9. Bd3 Nc6 10. O-O Qd8 11. Qe2 b6 12. Rad1 Bb7 13. Bb1 Ne7 14. Ne5 Rc8 15. Bg5 Ng6 16. Ne4 Be7 17. Ng3 Nd5 18. Bxe7 Qxe7 19. Nh5 Ndf4 20. Nxf4 Nxf4 21. Qg4 Ng6 22. f4 Rcd8 23. h3 Qb4 24. f5 exf5 25. Bxf5 Nxe5 26. dxe5 Qc5+ 27. Kh1 Qxe5 28. Bxh7+ Kh8 29. Qh4 g5 30. Qh5 Qg7 31. Rxd8 Rxd8 32. Bg6+ Kg8 33. Bxf7+ Kf8 34. Bd5+ Ke7 35. Rf7+ 1-0


[Site "https://www.chess.com"]

[Event "Titled Tuesday Blitz May 24 Early 2022"]
[White "Valle Maytin, Luis Enrique"]
[Black "Fernandez Hernandez, Gerardo"]
[WhiteFideId "3503666"]
[BlackFideId "2207400"]
[WhiteElo "2224"]
[BlackElo "2214"]
[Result "0-1"]
[Round "07"]
[TimeControl "180+1"]
[Date "2022.05.25"]
[WhiteClock "0:02:02"]
[BlackClock "0:01:00"]

1. e4 e6 2. d4 d5 3. Bd3 c5 4. exd5 exd5 5. dxc5 Bxc5 6. Ne2 Nf6 7. O-O Nc6 8. Nd2 Bg4 9. Nb3 Bd6 10. c3 O-O 11. Qc2 Re8 12. Bg5 Rc8 13. a3 h6 14. Bh4 g5 15. Bg3 Ne4 16. Bxd6 Qxd6 17. f3 Nf6 18. fxg4 Nxg4 19. Bh7+ Kg7 20. Qf5 Qxh2# 0-1


[Site "https://www.chess.com"]

[Event "Titled Tuesday Blitz May 24 Early 2022"]
[White "Van den Dikkenberg, Erik"]
[Black "Buscar, Michael"]
[WhiteFideId "1005880"]
[BlackFideId "2603616"]
[WhiteElo "2118"]
[BlackElo "2010"]
[Result "0-1"]
[Round "07"]
[TimeControl "180+1"]
[Date "2022.05.25"]
[WhiteClock "0:00:13"]
[BlackClock "0:00:55"]

1. e4 c5 2. Nc3 e6 3. f4 g5 4. Nf3 gxf4 5. Bc4 a6 6. a4 Qc7 7. d3 Nc6 8. O-O Bd6 9. Qe1 Nge7 10. Qh4 Ng6 11. Qf6 Nce5 12. Bxf4 Nxf3+ 13. Rxf3 Bxf4 14. Nd5 exd5 15. exd5 O-O 16. Re1 Qd6 17. Rxf4 Qxf4 18. Qb6 d6 19. Rf1 Qd4+ 20. Kh1 Qe5 21. Qc7 Qe7 22. Qa5 Bg4 23. h3 Bd7 24. Qd2 b5 25. Ba2 b4 26. Qh6 Bxa4 27. Rf5 Bxc2 28. Rh5 f6 29. Bc4 Qe1+ 30. Kh2 Ra7 31. Bxa6 Rg7 32. Bb7 Bxd3 33. Bc6 Ne5 34. Rh4 Qg3+ 35. Kh1 Qe1+ 36. Kh2 Qg3+ 37. Kh1 Qxg2# 0-1


[Site "https://www.chess.com"]

[Event "Titled Tuesday Blitz May 24 Early 2022"]
[White "Vasquez Schroeder, Rodrigo"]
[Black "Artemenko, Oleg"]
[WhiteFideId "3400042"]
[BlackFideId "14201798"]
[WhiteElo "2567"]
[BlackElo "2287"]
[Result "1-0"]
[Round "07"]
[TimeControl "180+1"]
[Date "2022.05.24"]
[WhiteClock "0:00:40"]
[BlackClock "0:00:09"]

1. e4 e6 2. d4 d5 3. Nc3 Nf6 4. e5 Nfd7 5. Nce2 c5 6. f4 Nc6 7. c3 Qb6 8. a3 f6 9. Nf3 cxd4 10. cxd4 Be7 11. Nc3 fxe5 12. fxe5 O-O 13. Na4 Qd8 14. Be3 Bh4+ 15. g3 Be7 16. Be2 b5 17. Bxb5 Qa5+ 18. Nc3 Bb7 19. O-O Qb6 20. Qe2 a6 21. Bd3 Rf7 22. Na4 Qc7 23. b4 Raf8 24. Rac1 Qd8 25. Nc5 Nxc5 26. bxc5 Na5 27. Rb1 Bc6 28. Rb6 Bb5 29. Bxb5 axb5 30. Rxb5 Nc4 31. Bc1 Qd7 32. Rb4 g5 33. h3 h5 34. Kg2 g4 35. hxg4 hxg4 36. Nh2 Rxf1 37. Qxg4+ Kf7 38. Qh5+ Kg8 39. Qg6+ Kh8 40. Nxf1 Bd8 41. Bg5 Bxg5 42. Qxg5 Qf7 43. Qf6+ Qxf6 44. exf6 Kg8 45. a4 Kf7 46. Rb3 Ra8 47. Rf3 Rxa4 48. Nh2 Na5 49. Ng4 Nc6 50. Rf4 Nxd4 51. Ne5+ Kf8 52. f7 Ra2+ 53. Kh3 Nf5 54. g4 Ra3+ 55. Kh2 Re3 56. Ng6+ Kxf7 57. gxf5 exf5 58. Nh4 Ke6 59. Nxf5 Rc3 60. Ng7+ Ke5 61. Rf5+ Ke4 62. Rg5 Rxc5 63. Kg3 Rc3+ 64. Kg4 d4 65. Rg6 d3 66. Re6+ Kd5 67. Re8 Rc6 68. Nf5 d2 69. Rd8+ Ke4 70. Rd4+ Ke5 71. Rxd2 Rg6+ 72. Kh5 Rg1 73. Nh4 Kf6 74. Rf2+ Ke5 75. Nf3+ 1-0


[Site "https://www.chess.com"]

[Event "Titled Tuesday Blitz May 24 Early 2022"]
[White "Vidit, Santosh Gujrathi"]
[Black "Cherniaiev, Tykhon"]
[WhiteFideId "5029465"]
[BlackFideId "14182360"]
[WhiteElo "2654"]
[BlackElo "2289"]
[Result "1-0"]
[Round "07"]
[TimeControl "180+1"]
[Date "2022.05.24"]
[WhiteClock "0:00:15"]
[BlackClock "0:00:30"]

1. Nf3 Nf6 2. b3 d5 3. Bb2 e6 4. g3 Be7 5. Bg2 O-O 6. O-O c5 7. d4 Nc6 8. dxc5 Bxc5 9. Nbd2 Re8 10. c4 d4 11. a3 a5 12. Ng5 e5 13. Qc2 h6 14. Nge4 Nxe4 15. Nxe4 Bf8 16. c5 Be6 17. Rad1 Rc8 18. e3 b6 19. exd4 Nxd4 20. Bxd4 exd4 21. c6 Bd5 22. Rxd4 Bxe4 23. Rxe4 Rxe4 24. Qxe4 Bxa3 25. Bh3 Rc7 26. Qf3 Qf6 27. Qxf6 gxf6 28. Bd7 Bc5 29. Re1 b5 30. Re8+ Kg7 31. Ra8 Ba7 32. Bc8 Rxc6 33. Rxa7 Rxc8 34. Rxa5 Rc5 35. Kf1 f5 36. Ke2 Rd5 37. Ke3 f6 38. f3 Kg6 39. b4 Kf7 40. Ra7+ Ke6 41. Ra6+ Kf7 42. Rb6 Kg6 43. Rc6 Kf7 44. h4 h5 45. Rc5 Rxc5 46. bxc5 Ke6 47. Kd4 Kd7 48. Kc3 Kc7 49. Kb4 Kc6 50. f4 Kc7 51. Kxb5 Kb7 52. c6+ Kc7 53. Kc5 Kc8 54. Kd6 Kd8 55. Ke6 Kc7 56. Kxf5 Kxc6 57. Kxf6 Kd5 58. Kg5 Ke4 59. Kxh5 Kf5 60. g4+ Kxf4 61. g5 Kf5 62. g6 Kf6 63. Kh6 Ke7 64. g7 Kf6 65. g8=Q Ke7 66. Qg6 Kd7 67. Kg5 Ke7 68. h5 Kf8 69. h6 Ke7 70. h7 Kf8 71. h8=Q+ Ke7 72. Qhh7+ Kf8 73. Qgg8# 1-0


[Site "https://www.chess.com"]

[Event "Titled Tuesday Blitz May 24 Early 2022"]
[White "Vovk, Orest"]
[Black "Martin, Lewis"]
[WhiteFideId "14113490"]
[BlackFideId "410551"]
[WhiteElo "2203"]
[BlackElo "2145"]
[Result "1-0"]
[Round "07"]
[TimeControl "180+1"]
[Date "2022.05.25"]
[WhiteClock "0:00:27"]
[BlackClock "0:00:01"]

1. h4 c5 2. h5 h6 3. Nc3 d5 4. e4 d4 5. Nce2 e5 6. Nf3 Nc6 7. Ng3 Nf6 8. Bc4 Bd6 9. d3 a6 10. a3 b5 11. Ba2 Bg4 12. Rh4 Qd7 13. Bd2 O-O 14. Qe2 Rac8 15. Qf1 Bxf3 16. gxf3 Ne7 17. Qh3 Qxh3 18. Rxh3 c4 19. Ne2 cxd3 20. cxd3 Rc2 21. Rb1 Bxa3 22. Bxf7+ Kxf7 23. bxa3 Rfc8 24. f4 Nd7 25. Bb4 exf4 26. Nxd4 Ra2 27. Rf3 g5 28. hxg6+ Nxg6 29. Bd6 Rc3 30. Bxf4 Nxf4 31. Rxf4+ Ke8 32. Rd1 Ne5 33. Kf1 Rxd3 34. Rxd3 Nxd3 35. Rf6 Rxa3 36. e5 Ra4 37. Nf5 Rf4 38. Ke2 Nxe5 39. Ng7+ Ke7 40. Rxf4 1-0


[Site "https://www.chess.com"]

[Event "Titled Tuesday Blitz May 24 Early 2022"]
[White "Vusatiuk, Vladimir"]
[Black "Soumya, Swaminathan"]
[WhiteFideId "14118610"]
[BlackFideId "5016193"]
[WhiteElo "2157"]
[BlackElo "2115"]
[Result "1-0"]
[Round "07"]
[TimeControl "180+1"]
[Date "2022.05.25"]
[WhiteClock "0:00:12"]
[BlackClock "0:00:02"]

1. d4 Nf6 2. c4 g6 3. Nc3 Bg7 4. e4 d6 5. Nf3 O-O 6. Be2 e5 7. O-O Nc6 8. d5 Ne7 9. Ne1 Nd7 10. Nd3 f5 11. f3 f4 12. b4 a5 13. bxa5 Rxa5 14. a4 Ra8 15. Ba3 b6 16. Bb4 Nc5 17. a5 Nxd3 18. Bxd3 c5 19. dxc6 Nxc6 20. Ba3 Rxa5 21. Nd5 Be6 22. Bb2 g5 23. Rxa5 bxa5 24. Qa4 Bxd5 25. exd5 Qb6+ 26. Kh1 Nb4 27. Be4 Qc5 28. Rc1 Rb8 29. Qd7 Qf2 30. Qe6+ Kh8 31. Qxd6 Rf8 32. Bxe5 Rg8 33. Bxg7+ Rxg7 34. Qf8+ Rg8 35. Qf6+ Rg7 36. d6 Qd2 37. Rg1 a4 38. c5 a3 39. c6 a2 40. c7 Qc2 41. Bxc2 1-0


[Site "https://www.chess.com"]

[Event "Titled Tuesday Blitz May 24 Early 2022"]
[White "Xiong, Jeffery"]
[Black "Shimanov, Aleksandr"]
[WhiteFideId "2047640"]
[BlackFideId "4198603"]
[WhiteElo "2727"]
[BlackElo "2605"]
[Result "1/2-1/2"]
[Round "07"]
[TimeControl "180+1"]
[Date "2022.05.24"]
[WhiteClock "0:00:07"]
[BlackClock "0:00:06"]

1. e4 d5 2. exd5 Qxd5 3. Nc3 Qe5+ 4. Be2 Bg4 5. d4 Bxe2 6. Ngxe2 Qa5 7. d5 c6 8. b4 Qd8 9. Bf4 Nf6 10. dxc6 Nxc6 11. a3 e6 12. O-O Be7 13. Nb5 Nd5 14. c4 Nxf4 15. Nxf4 O-O 16. Qf3 a5 17. Rad1 Qb6 18. bxa5 Nxa5 19. Rd7 Bg5 20. Nh5 g6 21. Qg3 Qc5 22. Nd6 Bd8 23. Ne4 Qxh5 24. Rxd8 Qf5 25. Rxf8+ Rxf8 26. Re1 Nc6 27. Qc7 Qa5 28. Qxa5 Nxa5 29. c5 Rd8 30. Rb1 Rd3 31. f3 Rxa3 32. Kf2 Kg7 33. g4 h6 34. h4 g5 35. hxg5 hxg5 36. Nxg5 Rc3 37. Ne4 Rc2+ 38. Kg3 f5 39. gxf5 exf5 40. Rb5 fxe4 41. Rxa5 exf3 42. Kxf3 Kf6 43. Rb5 Ke6 44. Ke4 Rc4+ 45. Kd3 Rc1 46. Kd4 Rd1+ 47. Kc4 Rc1+ 48. Kd4 Rd1+ 49. Kc3 Rc1+ 50. Kd2 Rc4 51. Kd3 Rc1 52. Rb6+ Kd5 53. Rxb7 Rxc5 54. Rb4 Kd6 55. Rd4+ Rd5 56. Ke4 Rxd4+ 57. Kxd4 1/2-1/2


[Site "https://www.chess.com"]

[Event "Titled Tuesday Blitz May 24 Early 2022"]
[White "Xu, Yi"]
[Black "Matlakov, Maxim"]
[WhiteFideId "8605564"]
[BlackFideId "4168003"]
[WhiteElo "2471"]
[BlackElo "2669"]
[Result "1/2-1/2"]
[Round "07"]
[TimeControl "180+1"]
[Date "2022.05.24"]
[WhiteClock "0:00:15"]
[BlackClock "0:00:41"]

1. e4 c5 2. Nf3 e6 3. d4 cxd4 4. Nxd4 Nf6 5. Nc3 Nc6 6. Nxc6 bxc6 7. e5 Nd5 8. Ne4 Qc7 9. f4 Qb6 10. c4 Bb4+ 11. Ke2 Ba6 12. Kf3 f5 13. Nf2 Ne7 14. Be3 Bc5 15. Bxc5 Qxc5 16. b3 g5 17. Qd6 g4+ 18. Ke2 Qa5 19. Nd3 Rd8 20. Qc5 Qc7 21. Qd6 Qb6 22. Rd1 Kf7 23. h3 h5 24. hxg4 fxg4 25. Qc5 Nf5 26. Qxb6 axb6 27. Kd2 c5 28. Kc3 Bb7 29. Rg1 h4 30. Nf2 Rhg8 31. Be2 Ne3 32. Rd3 Nxg2 33. Nxg4 Ke7 34. Nf6 Rg3 35. Rxg3 hxg3 36. Bf1 Ne3 37. Rxg3 Nxf1 38. Rg7+ Kf8 39. Rg8+ Ke7 40. Rg7+ Kf8 41. Rg8+ Ke7 42. Rg7+ 1/2-1/2


[Site "https://www.chess.com"]

[Event "Titled Tuesday Blitz May 24 Early 2022"]
[White "Yaksin, Oleg"]
[Black "Gaehwiler, Gabriel"]
[WhiteFideId "24105880"]
[BlackFideId "1314530"]
[WhiteElo "2256"]
[BlackElo "2383"]
[Result "1-0"]
[Round "07"]
[TimeControl "180+1"]
[Date "2022.05.24"]
[WhiteClock "0:00:49"]
[BlackClock "0:00:21"]

1. d4 Nf6 2. c4 g6 3. g3 Bg7 4. Bg2 O-O 5. Nc3 d6 6. Nf3 c6 7. O-O Bf5 8. Ne1 Be6 9. d5 Bd7 10. Nd3 Na6 11. e4 Rc8 12. h3 Ne8 13. Be3 cxd5 14. cxd5 b5 15. a3 Nc5 16. Rc1 a6 17. b4 Na4 18. Nxa4 bxa4 19. Qd2 Bb5 20. Rxc8 Qxc8 21. Rc1 Qb8 22. Nb2 Nf6 23. Nc4 Nd7 24. Na5 Rc8 25. f4 Rc7 26. Nc6 Bxc6 27. dxc6 Nf8 28. Bf1 Qa8 29. Qd5 Ne6 30. Bb6 Bb2 31. Rc2 Bxa3 32. f5 Qb8 33. Qa5 1-0


[Site "https://www.chess.com"]

[Event "Titled Tuesday Blitz May 24 Early 2022"]
[White "Yang, Kaiqi"]
[Black "Ibrahimli, Murad"]
[WhiteFideId "8604398"]
[BlackFideId "13410229"]
[WhiteElo "2604"]
[BlackElo "2818"]
[Result "0-1"]
[Round "07"]
[TimeControl "180+1"]
[Date "2022.05.25"]
[WhiteClock "0:01:09"]
[BlackClock "0:02:35"]

1. d4 Nf6 2. c4 c5 3. d5 e6 4. Nc3 exd5 5. cxd5 d6 6. e4 g6 7. f4 Bg7 8. Bb5+ Nfd7 9. a4 O-O 10. Nf3 Na6 11. O-O Nb4 12. Kh1 Nf6 13. f5 a6 14. Bc4 Re8 15. Bg5 h6 16. fxg6 fxg6 17. Bh4 g5 18. Nxg5 hxg5 19. Bxg5 Re5 20. Qd2 Bd7 21. Rf3 Rxg5 22. Qxg5 Ng4 23. Qh5 Qe8 24. Qg5 Qe5 25. Qh4 Bf6 26. Qg3 Qxg3 27. Rxg3 Be5 28. Rf3 Nxh2 29. Rf2 Ng4 30. Rf3 Kg7 31. Kg1 Bd4+ 32. Kf1 Nh2+ 33. Ke2 Nxf3 34. gxf3 Rh8 0-1


[Site "https://www.chess.com"]

[Event "Titled Tuesday Blitz May 24 Early 2022"]
[White "Zavgorodniy, Sergiy"]
[Black "Pham, Le Thao Nguyen"]
[WhiteFideId "14110148"]
[BlackFideId "12401226"]
[WhiteElo "2420"]
[BlackElo "2271"]
[Result "1-0"]
[Round "07"]
[TimeControl "180+1"]
[Date "2022.05.25"]
[WhiteClock "0:01:26"]
[BlackClock "0:00:07"]

1. e4 c5 2. Nf3 e6 3. d3 Nc6 4. g3 b5 5. Bg2 Bb7 6. O-O d6 7. Re1 e5 8. c3 Nf6 9. d4 Be7 10. dxe5 dxe5 11. Qe2 a6 12. Nbd2 O-O 13. Nf1 c4 14. Nh4 g6 15. Bh6 Re8 16. Rad1 Qc8 17. Ne3 Nd8 18. Nhf5 Ne6 19. Nxe7+ Rxe7 20. Qf3 Nxe4 21. Nd5 Bxd5 22. Rxd5 N6g5 23. Bxg5 Nxg5 24. Qf6 Qe6 25. Qxg5 Rae8 26. h4 Kg7 27. Red1 h6 28. Qe3 Qf5 29. Be4 Qh3 30. Bg2 Qf5 31. Qe4 Qxe4 32. Bxe4 f5 33. Bg2 h5 34. Rd7 e4 35. Rxe7+ Rxe7 36. Rd6 e3 37. Kf1 exf2 38. Kxf2 Rf7 39. Rb6 f4 40. Rb7 fxg3+ 41. Kxg3 1-0


[Site "https://www.chess.com"]

[Event "Titled Tuesday Blitz May 24 Early 2022"]
[White "Zemlyanskii, Ivan"]
[Black "Horak, Martin"]
[WhiteFideId "24249971"]
[BlackFideId "367095"]
[WhiteElo "1815"]
[BlackElo "1997"]
[Result "1-0"]
[Round "07"]
[TimeControl "180+1"]
[Date "2022.05.25"]
[WhiteClock "0:00:50"]
[BlackClock "0:00:31"]

1. d4 Nf6 2. c4 e6 3. Nf3 b6 4. e3 Bb4+ 5. Bd2 Be7 6. Bd3 Bb7 7. Nc3 d5 8. cxd5 exd5 9. O-O O-O 10. Rc1 a6 11. Ne5 c5 12. f4 Nc6 13. Ne2 Ne4 14. Be1 f6 15. Nf3 Rc8 16. Nc3 f5 17. Nxd5 cxd4 18. exd4 Kh8 19. Nxe7 Nxe7 20. Bh4 Rxc1 21. Qxc1 Qd6 22. Bxe7 Qxe7 23. Qe3 Rd8 24. Ne5 g6 25. Bxe4 fxe4 26. f5 gxf5 27. Rxf5 Rf8 28. Qh6 Kg8 29. Rg5+ Kh8 30. Ng6+ 1-0


[Site "https://www.chess.com"]

[Event "Titled Tuesday Blitz May 24 Early 2022"]
[White "Agasarov, Benik"]
[Black "Rom, Jasper"]
[WhiteFideId "13314823"]
[BlackFideId "2023733"]
[WhiteElo "2601"]
[BlackElo "2233"]
[Result "0-1"]
[Round "08"]
[TimeControl "180+1"]
[Date "2022.05.25"]
[WhiteClock "0:00:03"]
[BlackClock "0:00:05"]

1. d4 d5 2. c4 e6 3. Nc3 c6 4. e4 dxe4 5. Nxe4 Bb4+ 6. Nc3 Nf6 7. a3 Bd6 8. Nf3 Nbd7 9. Bg5 O-O 10. Bd3 e5 11. Ne4 Be7 12. Bxf6 Bxf6 13. Nxf6+ Qxf6 14. O-O exd4 15. Re1 c5 16. Qe2 g6 17. b4 b6 18. Ne5 Nxe5 19. Qxe5 Qxe5 20. Rxe5 cxb4 21. axb4 Be6 22. f4 Rfc8 23. c5 bxc5 24. bxc5 a5 25. Ra4 Rd8 26. c6 Rac8 27. Rc5 Rd6 28. c7 Rd7 29. Raxa5 Rcxc7 30. h3 Kg7 31. g4 Rxc5 32. Rxc5 Rd5 33. Rc7 Rd7 34. Rc6 Kf8 35. f5 Bd5 36. Rc5 Ke7 37. Bb5 Rd6 38. Rc7+ Kf6 39. Bd3 gxf5 40. Bxf5 h6 41. Kf2 Be6 42. Bd3 Rd7 43. Rc6 Ke5 44. Kg3 Bd5 45. Rxh6 Be6 46. Rh5+ Kd6 47. Kf4 Rc7 48. Ke4 Rc3 49. Kxd4 Ra3 50. Rh8 Ra4+ 51. Ke3 Ke5 52. Rh5+ Kf6 53. Be4 Ra3+ 54. Kf4 Ra4 55. g5+ Kg7 56. Rh7+ Kf8 57. Rh8+ Kg7 58. Rd8 Bxh3 59. Rd6 Bg2 60. g6 Bxe4 61. Kg3 fxg6 62. Rd7+ Kf6 63. Rd8 Bf5 64. Rf8+ Kg5 65. Rd8 Ra3+ 66. Kg2 Kg4 67. Rd4+ Kg5 68. Rb4 Ra2+ 69. Kg3 Ra3+ 70. Kg2 Ra5 71. Kg3 Rd5 72. Ra4 Rd3+ 73. Kg2 Kf6 74. Ra7 Ke5 75. Ra5+ Kf4 76. Kh2 Rd2+ 77. Kg1 Rb2 78. Ra4+ Be4 79. Ra3 g5 80. Ra8 g4 81. Rf8+ Bf5 82. Ra8 g3 83. Ra3 Be4 84. Ra1 Rb1+ 85. Rxb1 Bxb1 86. Kg2 Be4+ 87. Kg1 Kg4 88. Kf1 Kh3 89. Kg1 Bd5 90. Kf1 Kh2 91. Ke2 g2 0-1


[Site "https://www.chess.com"]

[Event "Titled Tuesday Blitz May 24 Early 2022"]
[White "Ajay Krishna, S"]
[Black "Quirke, Jeffrey"]
[WhiteFideId "5096430"]
[BlackFideId "2013029"]
[WhiteElo "2247"]
[BlackElo "2239"]
[Result "1-0"]
[Round "08"]
[TimeControl "180+1"]
[Date "2022.05.25"]
[WhiteClock "0:00:25"]
[BlackClock "0:00:13"]

1. d4 d5 2. c4 e6 3. Nf3 h6 4. Nc3 Nf6 5. Bf4 dxc4 6. e3 Nd5 7. Bxc4 Nxf4 8. exf4 Be7 9. O-O O-O 10. Rc1 c6 11. a3 Nd7 12. b4 Nf6 13. Bd3 b6 14. Re1 Bb7 15. Bb1 a5 16. Qb3 axb4 17. axb4 Qd6 18. b5 Qxf4 19. Ne4 cxb5 20. g3 Ra3 21. Qxa3 Bxa3 22. gxf4 Bxc1 23. Nxf6+ gxf6 24. Rxc1 Bxf3 25. Rc3 Bd5 26. f3 Ra8 27. Be4 b4 28. Rc1 Bxe4 29. fxe4 Rd8 30. Rc4 b3 31. Rb4 b2 32. Kf2 b1=Q 33. Rxb1 Rxd4 34. Ke3 Rd6 35. h4 h5 36. Rb5 Rc6 37. Rxh5 Rc3+ 38. Ke2 Rh3 39. Rb5 Rxh4 40. Kf3 Rh3+ 41. Kf2 Kg7 42. Rxb6 Ra3 43. Rb5 Kg6 44. f5+ exf5 45. Rxf5 Rb3 46. Ke2 Ra3 47. Kf2 Rb3 48. Ke2 Ra3 49. Rf1 Rb3 50. Rg1+ Kh6 51. Rg8 Rh3 52. Rh8+ 1-0


[Site "https://www.chess.com"]

[Event "Titled Tuesday Blitz May 24 Early 2022"]
[White "Ambartsumova, Karina"]
[Black "Khamdamova, Afruza"]
[WhiteFideId "4166299"]
[BlackFideId "14210444"]
[WhiteElo "2262"]
[BlackElo "1660"]
[Result "1-0"]
[Round "08"]
[TimeControl "180+1"]
[Date "2022.05.25"]
[WhiteClock "0:00:28"]
[BlackClock "0:00:01"]

1. e4 e5 2. Nf3 Nf6 3. Nxe5 d6 4. Nc4 Nxe4 5. Nc3 Nxc3 6. bxc3 d5 7. Ne3 c6 8. d4 Bd6 9. Bd3 O-O 10. O-O Nd7 11. Qf3 Nf6 12. Nf5 Bxf5 13. Qxf5 Re8 14. Bg5 h6 15. Bxf6 Qxf6 16. Qh7+ Kf8 17. Rae1 g6 18. Qxh6+ Qg7 19. Qg5 Kg8 20. g3 Ba3 21. Rb1 b5 22. h4 Re6 23. Kg2 Rae8 24. Rh1 Be7 25. Qg4 Qh6 26. Rbe1 Bf8 27. Rxe6 Rxe6 28. h5 g5 29. Qf5 Rf6 30. Qg4 Re6 31. Ra1 Ba3 32. Rb1 a5 33. Bf5 Re8 34. Rd1 Bf8 35. Rd3 Bg7 36. Bd7 Re7 37. Rf3 a4 38. Bf5 Re2 39. Bd3 Re7 40. Qc8+ Bf8 41. Qg4 Bg7 42. Rf5 f6 43. Rf3 Bf8 44. Bg6 Kg7 45. Qf5 1-0


[Site "https://www.chess.com"]

[Event "Titled Tuesday Blitz May 24 Early 2022"]
[White "Andreikin, Dmitry"]
[Black "Bharath Subramaniyam H"]
[WhiteFideId "4158814"]
[BlackFideId "46634827"]
[WhiteElo "2736"]
[BlackElo "2242"]
[Result "0-1"]
[Round "08"]
[TimeControl "180+1"]
[Date "2022.05.24"]
[WhiteClock "0:00:11"]
[BlackClock "0:00:25"]

1. Nf3 d5 2. g3 g6 3. Bg2 Bg7 4. c4 c6 5. Qa4 Nd7 6. cxd5 Nb6 7. Qa3 cxd5 8. O-O Nf6 9. d3 O-O 10. Be3 Re8 11. Bd4 Nbd7 12. Ne5 Ng4 13. Nxf7 Kxf7 14. Bxd5+ e6 15. Bxg7 Kxg7 16. Bg2 Ngf6 17. Nc3 Nb6 18. Nb5 Re7 19. Rac1 a6 20. Nd6 Ne8 21. Ne4 Bd7 22. Nc5 Bc6 23. e4 Nd7 24. Nb3 Ndf6 25. Nc5 b6 26. Nb3 Bb5 27. Rfd1 Rd7 28. d4 Rc8 29. Rxc8 Qxc8 30. Bh3 Nxe4 31. Rc1 Rc7 32. Re1 N8f6 33. d5 Nxd5 34. Nd4 Ng5 35. Bxe6 Rc1 36. Bxc8 Rxe1+ 37. Kg2 Bf1+ 38. Kg1 Bh3# 0-1


[Site "https://www.chess.com"]

[Event "Titled Tuesday Blitz May 24 Early 2022"]
[White "Aradhya, Garg"]
[Black "Vidonyak, Roman"]
[WhiteFideId "25006746"]
[BlackFideId "14100622"]
[WhiteElo "2169"]
[BlackElo "2401"]
[Result "1-0"]
[Round "08"]
[TimeControl "180+1"]
[Date "2022.05.24"]
[WhiteClock "0:01:15"]
[BlackClock "0:00:06"]

1. d4 Nf6 2. Nf3 g6 3. g3 Bg7 4. Bg2 d5 5. O-O O-O 6. Nbd2 c5 7. dxc5 Na6 8. Nb3 Qc7 9. Bf4 Qd8 10. Be5 Bf5 11. Nfd4 Rc8 12. Nxf5 gxf5 13. Bxf6 Bxf6 14. Qxd5 Qxd5 15. Bxd5 Nxc5 16. c3 e6 17. Nxc5 Rxc5 18. Bf3 b5 19. a3 Rfc8 20. Rfd1 R8c7 21. e4 fxe4 22. Bxe4 a5 23. Bd3 Kg7 24. Kg2 Rc8 25. h4 Rd5 26. Be4 Rdc5 27. Rd7 R8c7 28. Rxc7 Rxc7 29. Bd3 Rc5 30. Kf3 Kf8 31. Bxh7 Rd5 32. Ke3 Re5+ 33. Kd2 Rd5+ 34. Bd3 Kg7 35. b4 a4 36. Rc1 Kh6 37. c4 bxc4 38. Rxc4 Bb2 39. b5 Rxb5 40. Rxa4 Rb3 41. Ra7 Rxa3 42. Rxf7 Ra5 43. Rh7# 1-0


[Site "https://www.chess.com"]